 Dungeon Crawl Stone Soup version 0.26-a0-1106-g6dfc622489 (webtiles) character file.

Game seed: 10112614632684369381

138 Bapho the Slasher (level 5, -7/46 HPs)
             Began as a Draconian Monk on Dec 16, 2020.
             Mangled by an orc warrior
             ... wielding a +0 glaive
              (25 damage)
             ... on level 2 of the Dungeon.
             The game lasted 00:04:24 (2882 turns).

Bapho the Slasher (Draconian Monk)                  Turns: 2882, Time: 00:04:25

Health: -7/46      AC:  5    Str: 13    XL:     5   Next: 1%
Magic:  5/5        EV: 13    Int: 12    God:
Gold:   140        SH:  0    Dex: 13    Spells: 4/4 levels left

rFire    . . .     SeeInvis .   a - +0 falchion
rCold    . . .     Faith    .   (no shield)
rNeg     . . .     Spirit   .   (armour unavailable)
rPois    .         Reflect  .   (helmet restricted)
rElec    .         Harm     .   (no cloak)
rCorr    .         Rampage  .   (no gloves)
Will     .....                  (no boots)
Stlth    ++........             (no amulet)
HPRegen  0.15/turn              (no ring)
MPRegen  0.09/turn              (no ring)

@: no status effects
A: unfitting armour, cold-blooded, AC +5
a: no special abilities


You were on level 2 of the Dungeon.
You visited 1 branch of the dungeon, and saw 3 of its levels.

You collected 140 gold pieces.

Inventory:

Hand Weapons
 a - a +0 falchion (weapon)
Missiles
 h - 36 stones (quivered)
Jewellery
 j - an uncursed ring of fire {unknown}
Scrolls
 f - 3 scrolls of identify {unknown}
 i - 2 scrolls of remove curse {unknown}
Potions
 b - a potion of lignification {unknown}
 c - a potion of degeneration {unknown}
 d - 2 potions of heal wounds {unknown}
 e - a potion of resistance {unknown}
 g - a potion of mutation {unknown}


   Skills:
 + Level 4.2 Fighting
 * Level 4.5 Long Blades
 + Level 3.5 Dodging
 - Level 1.7 Stealth


You had 4 spell levels left.
You didn't know any spells.
Your spell library was empty.

Dungeon Overview and Level Annotations

Branches:
Dungeon (3/15)

Altars:
Elyvilon
The Shining One


Innate Abilities, Weirdness & Mutations

Your plain brown scales are hard. (AC +5)
You cannot fit into any form of body armour.
You are cold-blooded and may be slowed by cold attacks.


Message History

You climb upwards.
There is a stone staircase leading down here.
You throw a stone. The jackal barks!
The stone hits the orc warrior but does no damage.
You hear a bark!
The orc warrior closely misses you. The orc hits you but does no damage.
You climb downwards.
There is a stone staircase leading up, spattered with blood here.
You climb upwards.
The jackal misses you.
The orc warrior hits you from afar with a +0 glaive!!
Ouch! That really hurt!
The jackal barely misses you.
You hear a bark!
There is a stone staircase leading down, spattered with blood here.
The jackal misses you.
You riposte.
You miss the jackal. The jackal misses you.
The orc warrior hits you from afar with a +0 glaive!!
Ouch! That really hurt!
You die...

..# #.##.# #.# ##.#[..
..###########.##.# #.# ##..#b..
.................# #.###..ooor.
###...########.#+#####.##...o#..)
#≈≈...≈≈#.........h..o.#.....#...
#≈..♣..≈#.##...o..####.#o...####h
..........##....o.# #.'o..## r
..♣._.♣...##....h.# #.#ob##
.........######.@.# #.#.##
#≈..♣..≈## #h..# #.### #≈≈...≈≈#
#...# #.# ###..r### #...# #..
..#.## #.... ... ..#. #...## ..
#...# #####


You could see an orc warrior, an orc and 3 jackals.

Vanquished Creatures
  An orc wizard (D:3)
  An orc priest (D:3)
  An adder (D:2)
  An ooze (D:2)
  3 worms (D:2)
  A dart slug (D:2)
  2 leopard geckos (D:2)
  An orc (D:3)
  2 ball pythons
  7 bats
  2 giant cockroaches (D:1)
  8 goblins (D:1)
  5 hobgoblins
  9 kobolds
  5 frilled lizards
  4 rats
53 creatures vanquished.

Vanquished Creatures (others)
  A giant cockroach (D:2)
1 creature vanquished.

Grand Total: 54 creatures vanquished

Notes
Turn   | Place    | Note
-------+----------+-------------------------------------------
     0 | D:1      | Bapho the Draconian Monk began the quest for the Orb.
     0 | D:1      | Reached XP level 1. HP: 19/19 MP: 1/1
   157 | D:1      | Reached XP level 2. HP: 24/26 MP: 2/2
   906 | D:1      | Reached XP level 3. HP: 33/33 MP: 3/3
  2134 | D:2      | Found a glowing golden altar of the Shining One.
  2258 | D:2      | Reached XP level 4. HP: 28/40 MP: 4/4
  2358 | D:2      | Found a white marble altar of Elyvilon.
  2421 | D:2      | Noticed an orc warrior
  2799 | D:3      | Reached XP level 5. HP: 34/46 MP: 5/5
  2882 | D:2      | Mangled by an orc warrior

Illustrated notes

Levels and vault maps discovered:
D:1:      evilmike_arrival_crescent, layout_loops_ring
D:2:      layout_basic, elyvilon_altar_4, tso_metal_star,
          hangedman_abyss_or_decor_stabs, minmay_quadrilaterals
D:3:      layout_basic, fiery_altar_vehumet

Skill      XL: |  1  2  3  4 |
---------------+-------------+-----
Dodging        | 3 |  3.5
Long Blades    | 4 |  4.5
Fighting       | 4 |  4.2
Stealth        | |  1.7

Action                   |  1- 3 |  4- 6 || total
-------------------------+-------+-------++-------
Melee: Falchion          |   118 |    39 ||   157
       Tailslap          |    11 |     6 ||    17
Throw: Stone             |   139 |    14 ||   153
 Stab: Sleeping          |     1 |       ||     1
Armor: Skin              |    25 |    16 ||    41
Dodge: Dodged            |    73 |    37 ||   110
       Rpst.: Falchion   |    19 |    12 ||    31

Table legend: (Time is in decaauts)
 A = Elapsed time spent in this place.
 B = Non-inter-level travel time spent in this place.
 C = Inter-level travel time spent in this place.
 D = Time resting spent in this place.
 E = Time spent auto-exploring this place.
 F = Levels seen in this place.
 G = Mean time per level.
                   A        B        C        D        E       F      G
               +--------+--------+--------+--------+--------+-----+--------+
         Total |   2938 |   2895 |     43 |    761 |   1649 |   3 |  979.3 |
       Dungeon |   2938 |   2895 |     43 |    761 |   1649 |   3 |  979.3 |
               +--------+--------+--------+--------+--------+-----+--------+

Top non-repeatable levels by time:
     D:2: 1255 daAuts
     D:1: 1235 daAuts
     D:3: 447 daAuts
